Map: Abyssal Reef LE

Players

EnlistedReb

  • Race: Zerg Zerg
  • League: Master
  • Spawn Location: 11:00

A.I. 1 (Very Easy) - Winner!

  • Race: Protoss Protoss
  • Spawn Location: 5:00

VOD

Have the link to the VOD?

Description

Time

  • Played on: Oct. 25, 2017, 7:51 p.m.
  • Length: 5:54
Show
View Real Time Build Order
Export as new Build Order

EnlistedReb Zerg 

Build Orders: Hatch First 

Get SALT Encoding   

  12  0:01  Drone  
  13  0:12  Overlord  
  13  0:17  Drone  
  14  0:31  Drone x2  
  14  0:34  Drone  
  17  0:54  Hatchery  
  17  0:56  Drone  
  17  0:59  Drone  
  18  1:12  Extractor  
  18  1:15  Spawning Pool  
  16  1:19  Drone  
  16  1:22  Drone  
  18  1:28  Drone  
  19  1:38  Overlord  
  19  1:49  Drone  
  20  2:00  Drone  
  21  2:02  Queen  
  21  2:06  Drone, Queen  
  26  2:11  Zergling x2  
  27  2:16  Metabolic Boost  
  27  2:19  Zergling x2  
  27  2:22  Drone  
  29  2:27  Drone  
  30  2:32  Drone  
  31  2:43  Hatchery  
  30  2:45  Drone  
  30  2:48  Drone  
  32  2:51  Drone  
  32  2:55  Overlord  
  33  3:00  Drone  
  33  3:04  Drone  
  35  3:09  Drone  
  35  3:10  Overlord  
  36  3:14  Lair  
  36  3:16  Drone  
  36  3:19  Drone  
  38  3:21  Drone  
  38  3:22  Drone  
  38  3:25  Drone  
  38  3:27  Drone  
  42  3:28  Drone  
  42  3:33  Baneling Nest  
  42  3:36  Drone  
  42  3:37  Drone  
  42  3:40  Drone  
  45  3:43  Spore Crawler  
  45  3:46  Spore Crawler  
  45  3:47  Drone  
  44  3:48  Drone  
  44  3:50  Drone  
  44  3:55  Overlord  
  46  3:56  Drone  
  46  3:57  Drone  
  46  4:02  Queen  
  50  4:05  Overlord  
  50  4:11  Hydralisk Den  
  50  4:15  Drone  
  50  4:16  Drone x2  
  50  4:17  Drone, Extractor  
  51  4:18  Extractor  
  51  4:20  Drone, Extractor  
  51  4:21  Drone  
  51  4:23  Drone  
  53  4:25  Drone  
  53  4:27  Drone  
  53  4:28  Drone  
  53  4:29  Drone  
  58  4:31  Drone  
  58  4:32  Drone  
  58  4:34  Drone  
  58  4:35  Drone  
  61  4:38  Drone  
  61  4:39  Drone  
  61  4:42  Drone  
  64  4:49  Overlord  
  64  4:51  Hydralisk  
  66  4:57  Hydralisk  
  68  5:00  Hydralisk  
  68  5:04  Hydralisk  
  72  5:08  Overlord  
  72  5:09  Overlord  
  72  5:10  Hydralisk  
  74  5:15  Hydralisk  
  74  5:19  Hydralisk  
  78  5:23  Hydralisk  
  78  5:27  Zergling x4  
  78  5:28  Zergling x8  
  86  5:29  Hydralisk  
  86  5:32  Zergling x4  
Show
View Real Time Build Order
Export as new Build Order

A.I. 1 (Very Easy) Protoss - Winner!

Build Orders: 1 Gate Expand, Nexus First 

Get SALT Encoding   

  12  0:01  Probe (Chrono Boost)  
  13  0:11  Probe (Chrono Boost)  
  14  0:20  Pylon  
  14  0:43  Gateway  
  14  1:01  Nexus  
  14  1:21  Pylon  
  14  1:24  Assimilator  
  14  1:28  Zealot  
  16  1:37  Cybernetics Core  
  16  1:38  Probe (Chrono Boost)  
  17  1:50  Probe (Chrono Boost)  
  18  2:00  Assimilator  
  18  2:01  Probe (Chrono Boost)  
  19  2:11  Probe (Chrono Boost)  
  19  2:12  Stalker  
  20  2:16  Probe (Chrono Boost)  
  20  2:18  Warp Gate  
  23  2:25  Probe (Chrono Boost)  
  24  2:31  Probe (Chrono Boost)  
  25  2:39  Probe (Chrono Boost)  
  26  2:46  Probe (Chrono Boost)  
  26  2:48  Pylon  
  27  2:55  Probe (Chrono Boost)  
  28  3:01  Probe (Chrono Boost)  
  29  3:08  Probe (Chrono Boost)  
  29  3:09  Robotics Facility  
  30  3:21  Probe (Chrono Boost)  
  31  3:28  Probe (Chrono Boost)  
  31  3:29  Zealot  
  34  3:36  Probe (Chrono Boost)  
  35  3:42  Probe (Chrono Boost)  
  36  3:51  Probe (Chrono Boost)  
  36  3:53  Assimilator  
  37  3:56  Probe (Chrono Boost)  
  37  3:57  Observer  
  39  4:04  Probe (Chrono Boost), Assimilator  
  40  4:11  Probe (Chrono Boost)  
  41  4:17  Observer  
  41  4:20  Probe (Chrono Boost)  
  43  4:25  Probe (Chrono Boost)  
  44  4:33  Probe (Chrono Boost)  
  44  4:35  Pylon  
  45  4:39  Probe (Chrono Boost)  
  45  4:45  Sentry  
  48  4:47  Probe (Chrono Boost)  
  49  4:54  Probe (Chrono Boost)  
Tags
 
Add a new tag
Caveats
  • Supply blocks, unpowered buildings, or Contaminate may cause inaccurate times.
  • Supply counts are checked every 10 seconds.